 Dungeon Crawl Stone Soup version 0.20.1-1-g8b1a95d (webtiles) character file.

21017 KoningWillie the Severer (level 12, -7/110 HPs)
             Began as a Minotaur Fighter on Oct 3, 2017.
             Mangled by a red ugly thing (19 damage)
             ... on level 14 of the Dungeon.
             The game lasted 00:37:13 (15285 turns).

KoningWillie the Severer (Minotaur Fighter)        Turns: 15285, Time: 00:37:14

Health: -7/110     AC: 22    Str: 25    XL:     12   Next: 50%
Magic:  11/11      EV:  8    Int:  5    God:
Gold:   615        SH:  0    Dex: 11    Spells: 11/11 levels left

rFire    . . .     SeeInvis .   v - +1 battleaxe (freeze)
rCold    + . .     Gourm    .   (shield currently unavailable)
rNeg     . . .     Faith    .   I - +0 plate armour
rPois    .         Spirit   .   (helmet restricted)
rElec    .         Reflect  .   (no cloak)
rCorr    .         Harm     .   E - +1 pair of gloves
MR       .....                  F - +2 pair of boots of the Assassin {Detection Stab+ Stlth++}
Stlth    ..........             j - amulet of rage
Regen    0.3/turn               u - ring of protection from cold
MPRegen  0.2/turn               (no ring)

@: no status effects
A: retaliatory headbutt, horns 2
a: Evoke Berserk Rage


You were on level 14 of the Dungeon.
You were not hungry.

You visited 1 branch of the dungeon, and saw 14 of its levels.

You collected 852 gold pieces.
You spent 237 gold pieces at shops.

Inventory:

Hand Weapons
 p - the +5 rapier of the Kidney {vamp, +Inv rC+}
   (You found it on level 4 of the Dungeon)

   It inflicts no extra harm, but heals its wielder when it wounds a living foe.
   It protects you from cold.
   It lets you turn invisible.
 v - a +1 battleaxe of freezing (weapon)
 w - a +4 long sword
 C - the +6 long sword of the Reaper {drain, Fragile +Inv rC+}
   (You took it off an orc wizard on level 8 of the Dungeon)

   A truly terrible weapon, it drains the life of those it strikes.
   It protects you from cold.
   It lets you turn invisible.
   It will be destroyed if unequipped.
 G - a +3 battleaxe
Armour
 A - a +0 chain mail
 E - a +1 pair of gloves (worn)
 F - the +2 pair of boots of the Assassin (worn) {Detection Stab+ Stlth++}
   (You acquired it on level 9 of the Dungeon)

   It makes you much more stealthy.
 I - a +0 plate armour (worn)
Jewellery
 j - an amulet of rage (around neck)
 u - a ring of protection from cold (left hand)
Wands
 b - a wand of paralysis (7/24)
 m - a wand of confusion (25/48)
 s - a wand of clouds (1/9)
 B - a wand of digging (11/24)
 L - a wand of acid (6/15)
 Q - a wand of acid (11/15)
 R - a wand of iceblast (4/15)
Scrolls
 h - 3 scrolls of amnesia
 i - 11 scrolls of remove curse
 l - 2 scrolls of identify
 q - 2 scrolls of teleportation
 D - 2 scrolls of immolation
 M - a scroll of fear
 P - a scroll of blinking {unknown}
Potions
 a - 4 potions of flight
 d - 3 potions of might
 e - a potion of brilliance
 g - 3 potions of curing
 o - a potion of agility
 r - a potion of mutation {unknown}
 x - a potion of resistance {unknown}
 z - 3 potions of lignification
 J - a potion of magic
Books
 c - a book of Callings

   Spells                             Type                      Level
   a - Summon Small Mammal            Summoning                    1
   b - Call Imp                       Summoning                    2
   c - Call Canine Familiar           Summoning                    3
   d - Summon Guardian Golem          Hexes/Summoning              3
   e - Summon Lightning Spire         Summoning/Air                4
   f - Summon Ice Beast               Ice/Summoning                4
 f - a book of Changes

   Spells                             Type                      Level
   a - Beastly Appendage              Transmutation                1
   b - Sticks to Snakes               Transmutation                2
   c - Spider Form                    Transmutation/Poison         3
   d - Ice Form                       Ice/Transmutation            4
   e - Blade Hands                    Transmutation                5
 t - a book of Misfortune

   Spells                             Type                      Level
   a - Confusing Touch                Hexes                        1
   b - Confuse                        Hexes                        3
   c - Gell's Gravitas                Translocation                3
   d - Petrify                        Transmutation/Earth          4
   e - Metabolic Englaciation         Hexes/Ice                    5
   f - Yara's Violent Unravelling     Hexes/Transmutation          5
 y - a book of Frost

   Spells                             Type                      Level
   a - Freeze                         Ice                          1
   b - Throw Frost                    Conjuration/Ice              2
   c - Ozocubu's Armour               Charms/Ice                   3
   d - Throw Icicle                   Conjuration/Ice              4
   e - Summon Ice Beast               Ice/Summoning                4
 K - a book of Beasts

   Spells                             Type                      Level
   a - Summon Butterflies             Summoning                    1
   b - Call Canine Familiar           Summoning                    3
   c - Summon Ice Beast               Ice/Summoning                4
   d - Summon Mana Viper              Hexes/Summoning              5
   e - Summon Hydra                   Summoning                    7
 N - a book of Conjurations

   Spells                             Type                      Level
   a - Magic Dart                     Conjuration                  1
   b - Searing Ray                    Conjuration                  2
   c - Dazzling Spray                 Conjuration/Hexes            3
   d - Fulminant Prism                Conjuration/Hexes            4
   e - Force Lance                    Conjuration/Translocation    4
   f - Iskenderun's Mystic Blast      Conjuration                  4
Comestibles
 k - 20 fruits
 n - 4 meat rations
 H - 8 royal jellies
 O - 2 bread rations


   Skills:
 + Level 11.5 Fighting
 + Level 16.8 Axes
 + Level 1.3 Throwing
 + Level 13.5 Armour
 - Level 0.2 Dodging
   Level 4.0 Shields
 + Level 0.6 Evocations


You had 11 spell levels left.
You didn't know any spells.

Dungeon Overview and Level Annotations

Branches:
Dungeon (14/15)            Temple (0/1) D:4            Lair (0/6) D:9
    Orc (0/2) D:11
 Vaults: D:13-14

Altars:
Ashenzari
Cheibriados
Okawaru
The Shining One

Shops:
D:6 (   D:7 (


Innate Abilities, Weirdness & Mutations

You reflexively headbutt those who attack you in melee.
You have a pair of horns on your head.


Message History

You are engulfed in flames!
The red ugly thing engulfs you.
You are engulfed in flames!
You closely miss the red ugly thing.
The red ugly thing is severely wounded.
You slash the red ugly thing! You freeze the red ugly thing.
The red ugly thing tail-slaps you but does no damage.
The red ugly thing engulfs you.
You are engulfed in flames!!
* * * LOW HITPOINT WARNING * * *
Your plate armour prevents you from hitting the red ugly thing.
The red ugly thing is severely wounded.
You hit the red ugly thing but do no damage.
The red ugly thing engulfs you but does no damage.
The red ugly thing tail-slaps you but does no damage.
You slice the red ugly thing!! You freeze the red ugly thing.
You kill the red ugly thing!
You slash the red ugly thing! You freeze the red ugly thing.
The red ugly thing tail-slaps you.
* * * LOW HITPOINT WARNING * * *
You are engulfed in flames!!
You die...

#........# #........##
#######.....#
....u.'.....#
......#.....#
......#.....# .....
#.....# ..... #.u...#
########@....#
#........#####
+........# #........#
#........#
#+#####........#######
###....##########......#
#...............#......#
#...............#......#


You could see a red ugly thing.

Vanquished Creatures
  A hydra (D:13)
  A dancing weapon (D:13)
  A two-headed ogre (D:13)
  A centaur warrior (D:14)
  2 tengu warriors (D:14)
  A skeletal warrior (D:12)
  An unseen horror (D:13)
  10 ugly things
  A cyclops (D:11)
  A centaur zombie (D:13)
  A gargoyle (D:14)
  A hornet (D:13)
  A queen bee (D:9)
  3 trolls
  Prince Ribbit (D:8)
  3 hippogriffs
  A wyvern (D:11)
  5 yaks (D:13)
  A shadow (D:9)
  A basilisk (D:13)
  3 wraiths
  3 vampire mosquitoes (D:12)
  A soldier ant (D:13)
  An acid dragon (D:12)
  3 water moccasins
  A hornet zombie (D:7)
  2 black bears (D:12)
  12 orc warriors
  An eye of draining (D:14)
  3 ice beasts
  A phantom (D:8)
  A necrophage (D:8)
  5 sky beasts
  8 ogres
  2 centaurs
  3 big kobolds
  3 bullfrogs (D:6)
  A scorpion (D:8)
  19 killer bees
  3 wights (D:13)
  2 howler monkeys (D:6)
  A bullfrog zombie (D:13)
  A jelly (D:12)
  A quasit (D:14)
  6 hounds
  4 centaur skeletons
  9 orc priests
  13 orc wizards
  5 bullfrog skeletons
  4 iguanas
  5 worker ants
  The ghost of letownia the Insei, a weakling OpTm (D:3)
  The ghost of letownia the Insei, a weakling OpTm (D:4)
  A hound skeleton (D:6)
  3 worker ant zombies
  11 adders
  A howler monkey skeleton (D:4)
  4 shadow imps
  An ooze (D:1)
  An adder zombie (D:5)
  2 dart slugs
  6 leopard geckos
  55 orcs
  2 ball pythons
  13 bats
  8 giant cockroaches
  8 goblins
  7 hobgoblins
  7 jackals
  6 quokkas
  3 frilled lizards
  17 kobolds
  2 leopard gecko skeletons
  A leopard gecko zombie (D:8)
  A quokka skeleton (D:8)
  5 rats
332 creatures vanquished.

Vanquished Creatures (others)
  2 kobolds (D:9)
2 creatures vanquished.

Grand Total: 334 creatures vanquished

Notes
Turn   | Place    | Note
-------+----------+-------------------------------------------
     0 | D:1      | KoningWillie the Minotaur Fighter began the quest for the Orb.
     0 | D:1      | Reached XP level 1. HP: 19/19 MP: 0/0
   200 | D:1      | Reached XP level 2. HP: 24/27 MP: 1/1
   773 | D:2      | Reached XP level 3. HP: 32/33 MP: 2/2
   874 | D:2      | Reached skill level 3 in Axes
  1249 | D:2      | Reached XP level 4. HP: 39/40 MP: 3/3
  1411 | D:3      | Noticed letownia's ghost (weakling OpTm)
  1456 | D:3      | Killed letownia's ghost
  1654 | D:3      | Reached skill level 4 in Axes
  1663 | D:3      | Reached skill level 5 in Armour
  1668 | D:3      | Reached XP level 5. HP: 46/47 MP: 4/4
  2216 | D:4      | Reached skill level 5 in Axes
  2233 | D:4      | Reached XP level 6. HP: 13/55 MP: 5/5
  2254 | D:4      | Noticed letownia's ghost (weakling OpTm)
  2260 | D:4      | Killed letownia's ghost
  2598 | D:4      | Found a staircase to the Ecumenical Temple.
  2701 | D:4      | Reached skill level 5 in Fighting
  2764 | D:4      | Reached skill level 6 in Axes
  2843 | D:4      | Got an iridescent rapier
  3383 | D:4      | Identified the +5 rapier of the Kidney {vamp, +Inv rC+} (You found it on level 4 of the Dungeon)
  3407 | D:5      | Entered Level 5 of the Dungeon
  3430 | D:5      | Noticed a sky beast
  3446 | D:5      | Killed a sky beast
  3446 | D:5      | Reached XP level 7. HP: 54/61 MP: 6/6
  3691 | D:5      | Found an iron altar of Okawaru.
  3692 | D:5      | Found a shattered altar of Ashenzari.
  3692 | D:5      | Found a glowing golden altar of the Shining One.
  3694 | D:5      | Found a snail-covered altar of Cheibriados.
  3769 | D:5      | Reached skill level 7 in Axes
  4364 | D:6      | Found Nyjaff's Antique Weapon Emporium.
  4380 | D:6      | Bought a glowing battleaxe for 237 gold pieces
  4478 | D:6      | Reached skill level 8 in Axes
  4480 | D:6      | Reached XP level 8. HP: 64/71 MP: 7/7
  4888 | D:6      | Noticed a hippogriff
  4897 | D:6      | Killed a hippogriff
  4897 | D:6      | Reached skill level 9 in Axes
  5568 | D:7      | Noticed a hippogriff
  5573 | D:7      | Killed a hippogriff
  5573 | D:7      | Reached skill level 10 in Axes
  5706 | D:7      | Reached XP level 9. HP: 79/79 MP: 8/8
  5949 | D:7      | Found a glowing golden altar of the Shining One.
  5963 | D:7      | Found Niurgh's Weapon Shoppe.
  6553 | D:8      | Noticed Prince Ribbit
  6561 | D:8      | Reached skill level 11 in Axes
  6572 | D:8      | Got an encrusted long sword {drain}
  6574 | D:8      | Killed Prince Ribbit
  6661 | D:8      | Identified the +6 long sword of the Reaper {drain, Fragile +Inv rC+} (You took it off an orc wizard on level 8 of the Dungeon)
  7108 | D:9      | Identified a scroll of acquirement
  7255 | D:9      | Reached skill level 12 in Axes
  7338 | D:9      | Noticed a queen bee
  7348 | D:9      | Killed a queen bee
  7348 | D:9      | Reached XP level 10. HP: 52/90 MP: 9/9
  7608 | D:9      | Found a staircase to the Lair.
  8057 | D:9      | Reached skill level 10 in Armour
  8400 | D:10     | Entered Level 10 of the Dungeon
  9685 | D:11     | Reached skill level 13 in Axes
 10040 | D:11     | Reached skill level 1 in Throwing
 10455 | D:11     | Noticed a cyclops
 10481 | D:11     | Killed a cyclops
 10856 | D:11     | Found a staircase to the Orcish Mines.
 10904 | D:12     | Reached skill level 14 in Axes
 10919 | D:12     | Noticed a purple ugly thing
 10954 | D:13     | Reached XP level 11. HP: 82/97 MP: 10/10
 11441 | D:13     | Noticed a two-headed ogre
 11441 | D:13     | Noticed a five-headed hydra
 11472 | D:12     | Noticed a white ugly thing
 11499 | D:12     | Killed a purple ugly thing
 11502 | D:12     | Killed a white ugly thing
 11977 | D:12     | Noticed a cyan ugly thing
 11985 | D:12     | Killed a cyan ugly thing
 12130 | D:12     | Noticed a skeletal warrior
 12171 | D:12     | Killed a skeletal warrior
 12171 | D:12     | Reached skill level 10 in Fighting
 12171 | D:12     | Reached skill level 15 in Axes
 12959 | D:13     | Killed a two-headed ogre
 13012 | D:13     | Killed an 11-headed hydra
 13554 | D:13     | Killed an unseen horror
 13703 | D:13     | Noticed an enchanted long sword
 13711 | D:13     | Killed an enchanted long sword
 13711 | D:13     | Reached skill level 16 in Axes
 13803 | D:13     | Noticed an enchanted long sword
 14623 | D:14     | Noticed a tengu warrior
 14633 | D:14     | Killed a tengu warrior
 14633 | D:14     | Reached XP level 12. HP: 92/108 MP: 11/11
 14634 | D:14     | Noticed a tengu warrior
 14641 | D:14     | Killed a tengu warrior
 14820 | D:14     | Noticed a centaur warrior
 14830 | D:14     | Killed a centaur warrior
 14870 | D:14     | Found an iron altar of Okawaru.
 15285 | D:14     | Mangled by a red ugly thing

Skill      XL: |  1  2  3  4  5  6  7  8  9 10 11 12 |
---------------+-------------------------------------+-----
Armour         | 4 5 6 8 9 11 12 13 | 13.5
Fighting       | 4 5 6 7 8 9 10 11 | 11.5
Shields        | 4 |  4.0
Axes           | 3 4 5 6 8 10 12 14 16 | 16.8
Throwing       | 1 |  1.3
Dodging        | |  0.2
Evocations     | |  0.6

Action                   |  1- 3 |  4- 6 |  7- 9 | 10-12 || total
-------------------------+-------+-------+-------+-------++-------
Melee: War axe           |    69 |   165 |    67 |       ||   301
       Headbutt          |    14 |    24 |    49 |   103 ||   190
       Battleaxe         |       |       |   172 |   492 ||   664
Throw: Tomahawk          |       |       |       |     9 ||     9
Evoke: Wand              |       |       |     1 |     7 ||     8
  Use: Scroll            |     5 |     4 |     9 |    16 ||    34
       Potion            |     1 |     3 |     2 |     5 ||    11
 Stab: Confused          |       |       |       |     2 ||     2
  Eat: Chunk             |     1 |     2 |       |       ||     3
       Bread ration      |       |     2 |       |     2 ||     4
       Meat ration       |       |       |     1 |     3 ||     4
       Royal jelly       |       |       |     3 |       ||     3
       Fruit             |       |       |     2 |       ||     2
Armor: Scale mail        |    52 |    83 |    54 |       ||   189
       Chain mail        |       |       |    87 |    60 ||   147
       Plate armour      |       |       |       |   275 ||   275
Dodge: Dodged            |    22 |    66 |    88 |   172 ||   348
Block: Shield            |    36 |   104 |    29 |       ||   169
